 Dungeon Crawl Stone Soup version 0.21.0 (webtiles) character file.

159 tidbits the Vexing (level 5, -2/40 HPs)
             Began as a Gnoll Arcane Marksman on Jan 6, 2018.
             Slain by an ogre
             ... wielding a +0 giant spiked club
              (6 damage)
             ... on level 4 of the Dungeon.
             The game lasted 00:09:29 (1279 turns).

tidbits the Vexing (Gnoll Arcane Marksman)          Turns: 1279, Time: 00:09:29

Health: -2/40      AC:  3    Str: 14    XL:     5   Next: 40%
Magic:  6/9        EV: 14    Int: 15    God:
Gold:   120        SH:  0    Dex: 15    Spells: 7/10 levels left

rFire    . . .     SeeInvis .   a - +1 whip (venom)
rCold    . . .     Gourm    .   (no shield)
rNeg     . . .     Faith    .   i - +0 robe
rPois    .         Spirit   .   E - +0 helmet
rElec    .         Reflect  .   (no cloak)
rCorr    .         Harm     .   (no gloves)
MR       .....                  (no boots)
Stlth    ++........             (no amulet)
HPRegen  0.13/turn              (no ring)
MPRegen  0.11/turn              (no ring)

@: flying, drained
A: distributed training, fangs 1, strong nose
a: no special abilities


You were on level 4 of the Dungeon.
You were hungry.

You visited 1 branch of the dungeon, and saw 5 of its levels.

You collected 120 gold pieces.

Inventory:

Hand Weapons
 a - a +1 whip of venom (weapon)
   (You found it on level 1 of the Dungeon)
 k - a +0 dagger
 v - a +0 long sword
 w - a +0 great sword
Missiles
 c - 5 javelins
 d - 2 throwing nets {!f}
 e - 46 arrows
 o - 7 tomahawks (quivered)
 p - 22 bolts
Armour
 i - a +0 robe (worn)
 E - a +0 helmet (worn)
Scrolls
 h - a scroll of enchant armour {unknown}
 j - 4 scrolls of teleportation
 q - a scroll of blinking {unknown}
 s - 2 scrolls of amnesia {unknown}
 u - a scroll of magic mapping {unknown}
Potions
 g - 2 potions of brilliance
 l - a potion of agility {unknown}
 m - a potion of curing
 n - a potion of invisibility {unknown}
Books
 b - a book of Debilitation

   Spells                             Type                      Level
   a - Corona                         Hexes                        1
   b - Slow                           Hexes                        2
   c - Inner Flame                    Hexes/Fire                   3
   d - Portal Projectile              Hexes/Translocation          3
   e - Cause Fear                     Hexes                        4
   f - Leda's Liquefaction            Hexes/Earth                  4
Comestibles
 f - 5 rations


   Skills:
 + Level 2.9(2.5) Fighting
 + Level 1.4(1.0) Short Blades
 + Level 1.4(1.0) Long Blades
 + Level 1.4(1.0) Axes
 + Level 1.4(1.0) Maces & Flails
 + Level 1.4(1.0) Polearms
 + Level 1.4(1.0) Staves
 + Level 1.4(1.0) Slings
 + Level 1.4(1.0) Bows
 + Level 1.4(1.0) Crossbows
 + Level 4.7(4.3) Throwing
 + Level 1.4(1.0) Armour
 + Level 4.7(4.3) Dodging
 + Level 1.4(1.0) Stealth
 + Level 1.4(1.0) Shields
 + Level 1.4(1.0) Unarmed Combat
 + Level 3.1(2.7) Spellcasting
 + Level 1.1(0.7) Conjurations
 + Level 5.5(5.0) Hexes
 + Level 1.1(0.7) Charms
 + Level 1.1(0.7) Summonings
 + Level 1.1(0.7) Necromancy
 + Level 1.1(0.7) Translocations
 + Level 1.1(0.7) Transmutations
 + Level 1.1(0.7) Fire Magic
 + Level 1.1(0.7) Ice Magic
 + Level 1.1(0.7) Air Magic
 + Level 1.1(0.7) Earth Magic
 + Level 1.1(0.7) Poison Magic
 + Level 1.6(1.1) Invocations
 + Level 1.4(1.0) Evocations


You had 7 spell levels left.
You knew the following spells:

 Your Spells              Type           Power        Failure   Level  Hunger
a - Corona                Hex            ###....      2%          1    #......
l - Slow                  Hex            ###.....     3%          2    ##.....


Dungeon Overview and Level Annotations

Branches:
Dungeon (5/15)
 Temple: D:4-7

Altars:
Fedhas
Gozag
Okawaru
Yredelemnul
The Shining One


Innate Abilities, Weirdness & Mutations

Your experience applies equally to all skills.
You have very sharp teeth.
Your uncanny sense of smell can sniff out nearby items.


Message History

o - 6 tomahawks (gained 1)
o - 7 tomahawks (gained 1)
Your extra speed is starting to run out.
There is an open door here.
Things that are here:
a dagger; an animal skin; a helmet
t - a helmet You feel yourself slow down.
Wear which item? (? for menu, Esc to quit)
You start putting on your armour.
You continue putting on your helmet. x3
You hear the hiss of a very distant avalanche of sand.
You continue putting on your helmet.
You finish putting on your +0 helmet.
Adjust (i)tems, (s)pells, or (a)bilities?
Adjust which item? (? for menu, Esc to quit)
t - a +0 helmet (worn)
Adjust to which letter? (? for menu, Esc to quit)
E - a +0 helmet (worn)
There is an open door here.
You open the door.
There is an open door here.
You open the door.
There is an open door here.
You open the door.
There is an open door here.
You open the door.
There is an open door here.
There is an open door here.
The goblin shouts!
As you open the large door, it creaks loudly!
An orc wizard comes into view. It is wielding a club.
You hear a shout! x5
An orc comes into view. It is wielding a falchion.
An orc and an orc wizard come into view.
The orc is wielding a dagger of draining.
You hear the hiss of a very distant avalanche of sand.
The orc throws a stone.
The stone misses you.
The orc throws a stone.
The stone hits you but does no damage.
An ogre comes into view. It is wielding a giant spiked club.
There is a large open door here.
You see here a stone.
The orc moves out of view.
The orc wizard mumbles some strange words.
The orc wizard blinks!
Casting: Corona
Confirm with . or Enter, or press ? or * to list all spells.
Aiming: Corona
Press: ? - help, Shift-Dir - straight line, f - goblin
Aim: a goblin (chance to defeat MR: 73%)
The goblin is outlined in light.
The goblin closely misses you.
You barely miss the goblin. The goblin misses you.
You hit the goblin.
The goblin is moderately wounded.
The goblin misses you.
You hit the goblin.
You kill the goblin!
The orc throws a stone.
The stone hits you.
Casting: Corona
Confirm with . or Enter, or press ? or * to list all spells.
Aiming: Corona
Press: ? - help, Shift-Dir - straight line, f - orc
Aim: an orc, wielding a dagger of draining and wearing a leather armour (chance to defeat MR: 73%)
The orc barely resists.
The orc throws a stone.
The stone closely misses you.
Casting: Corona
Confirm with . or Enter, or press ? or * to list all spells.
Aiming: Corona
Press: ? - help, Shift-Dir - straight line, f/p - orc
Aim: an orc, wielding a dagger of draining and wearing a leather armour (chance to defeat MR: 73%)
The orc is outlined in light.
The orc throws a stone.
The stone misses you.
The orc wizard gestures wildly while chanting.
The orc wizard seems to speed up.
The orc hits you but does no damage.
You feel drained.
You see here a goblin corpse.
You hit the orc but do no damage.
The orc is poisoned.
The orc hits you but does no damage.
You feel drained.
You hit the orc.
The orc looks as sick as possible!
The orc is moderately wounded.
The orc wizard mumbles some strange words.
The orc wizard seems to speed up.
The orc misses you.
You hit the orc but do no damage. You bite the orc, but do no damage.
The orc is moderately wounded.
The orc closely misses you.
You hit the orc but do no damage.
The orc looks as sick as possible!
You bite the orc, but do no damage.
The orc is heavily wounded.
You kill the orc!
Casting: Corona
Confirm with . or Enter, or press ? or * to list all spells.
Aiming: Corona
Press: ? - help, Shift-Dir - straight line, f - ogre
Aim: an ogre, wielding a giant spiked club (chance to defeat MR: 54%)
The ogre struggles to resist.
The ogre hits you with a giant spiked club!!
Ouch! That really hurt!
* * * LOW HITPOINT WARNING * * *
It was a potion of flight.
You feel very buoyant.
You fly up into the air.
The ogre hits you with a giant spiked club.
You die...

#............#..'....#..
##...........#..#....#..
##....(.....#..#....#..
...#####'#....#..#....#..
....##...#....#..#....#..
...o.##..'....#..#....#..
......##.#....#..#....#..
.......#(#....#..#....'..
......o#@#....#..#....#..
.......#O#....#..#....#..
.O....ogo#....'..#....#..
.......o.#....#..#....#..
.......#......#'##....###
.......#..............#
.......#..............#
......##..............#
.....##.......g.......#


You could see an ogre, 2 orc wizards and a hobgoblin.

Vanquished Creatures
  A howler monkey (D:5)
  Robin (D:4)
  4 adders
  2 worms (D:2)
  3 dart slugs
  2 leopard geckos
  An orc (D:4)
  A ball python (D:1)
  7 bats
  2 giant cockroaches
  11 goblins
  10 hobgoblins
  4 frilled lizards
  5 kobolds
  3 rats
57 creatures vanquished.

Notes
Turn   | Place    | Note
-------+----------+-------------------------------------------
     0 | D:1      | tidbits the Gnoll Arcane Marksman began the quest for the Orb.
     0 | D:1      | Reached XP level 1. HP: 17/17 MP: 4/4
   145 | D:1      | Reached XP level 2. HP: 18/23 MP: 3/5
   371 | D:1      | Reached XP level 3. HP: 14/28 MP: 5/7
   433 | D:2      | Learned a level 2 spell: Slow
   511 | D:2      | Reached skill level 1 in Invocations
   626 | D:2      | Found an opulent altar of Gozag.
   689 | D:2      | Reached skill level 1 in Short Blades
   689 | D:2      | Reached skill level 1 in Long Blades
   689 | D:2      | Reached skill level 1 in Axes
   689 | D:2      | Reached skill level 1 in Maces & Flails
   689 | D:2      | Reached skill level 1 in Polearms
   689 | D:2      | Reached skill level 1 in Staves
   689 | D:2      | Reached skill level 1 in Slings
   689 | D:2      | Reached skill level 1 in Bows
   689 | D:2      | Reached skill level 1 in Crossbows
   689 | D:2      | Reached skill level 1 in Armour
   689 | D:2      | Reached skill level 1 in Stealth
   689 | D:2      | Reached skill level 1 in Shields
   689 | D:2      | Reached skill level 1 in Unarmed Combat
   689 | D:2      | Reached skill level 1 in Evocations
   691 | D:2      | Reached XP level 4. HP: 19/34 MP: 2/8
   780 | D:2      | Found a blossoming altar of Fedhas.
   780 | D:2      | Found a basalt altar of Yredelemnul.
   785 | D:2      | Found a faded altar of an unknown god.
   787 | D:2      | Found an iron altar of Okawaru.
   798 | D:2      | Found a glowing golden altar of the Shining One.
   948 | D:5      | Entered Level 5 of the Dungeon
   953 | D:5      | Reached skill level 3 in Spellcasting
   960 | D:5      | Reached skill level 1 in Conjurations
   960 | D:5      | Reached skill level 1 in Charms
   960 | D:5      | Reached skill level 1 in Summonings
   960 | D:5      | Reached skill level 1 in Necromancy
   960 | D:5      | Reached skill level 1 in Translocations
   960 | D:5      | Reached skill level 1 in Transmutations
   960 | D:5      | Reached skill level 1 in Fire Magic
   960 | D:5      | Reached skill level 1 in Ice Magic
   960 | D:5      | Reached skill level 1 in Air Magic
   960 | D:5      | Reached skill level 1 in Earth Magic
   960 | D:5      | Reached skill level 1 in Poison Magic
   960 | D:5      | Reached XP level 5. HP: 26/40 MP: 3/9
  1023 | D:4      | Noticed Robin
  1161 | D:4      | Killed Robin
  1264 | D:4      | Noticed an ogre
  1278 | D:4      | HP: 4/40 [ogre/giant spiked club (24)]
  1279 | D:4      | Slain by an ogre

Skill      XL: |  1  2  3  4 |
---------------+-------------+-----
Invocations    | 1 |  1.6
Short Blades   | 1 |  1.4
Long Blades    | 1 |  1.4
Axes           | 1 |  1.4
Maces & Flails | 1 |  1.4
Polearms       | 1 |  1.4
Staves         | 1 |  1.4
Slings         | 1 |  1.4
Bows           | 1 |  1.4
Crossbows      | 1 |  1.4
Armour         | 1 |  1.4
Stealth        | 1 |  1.4
Shields        | 1 |  1.4
Unarmed Combat | 1 |  1.4
Evocations     | 1 |  1.4
Spellcasting   | 3 |  3.1
Conjurations   | 1 |  1.1
Charms         | 1 |  1.1
Summonings     | 1 |  1.1
Necromancy     | 1 |  1.1
Translocations | 1 |  1.1
Transmutations | 1 |  1.1
Fire Magic     | 1 |  1.1
Ice Magic      | 1 |  1.1
Air Magic      | 1 |  1.1
Earth Magic    | 1 |  1.1
Poison Magic   | 1 |  1.1
Fighting       | |  2.9
Throwing       | |  4.7
Dodging        | |  4.7
Hexes          | |  5.5

Action                   |  1- 3 |  4- 6 || total
-------------------------+-------+-------++-------
Melee: Short sword       |    13 |       ||    13
       Bite              |     5 |    13 ||    18
       Whip              |    39 |    63 ||   102
       Dagger            |    16 |       ||    16
Throw: Javelin           |    23 |       ||    23
       Tomahawk          |     2 |    11 ||    13
 Cast: Corona            |    34 |    29 ||    63
       Slow              |       |     3 ||     3
  Use: Scroll            |     1 |     1 ||     2
       Potion            |       |     4 ||     4
 Stab: Sleeping          |     3 |       ||     3
  Eat: Chunk             |       |     1 ||     1
Armor: Robe              |    17 |    10 ||    27
Dodge: Dodged            |    91 |    76 ||   167

Table legend:
 A = Turns spent in this place as a percentage of turns spent in the entire game.
 B = Non-inter-level travel turns spent in this place as a percentage of non-inter-level travel turns spent in the entire game.
 C = Inter-level travel turns spent in this place as a percentage of turns spent in this place.
 D = Turns resting spent in this place as a percentage of non-inter-level travel turns spent in this place.
 E = Turns spent auto-exploring this place as a percentage of non-inter-level travel turns spent in this place.
 F = Non-inter-level travel turns spent in this place divided by the number of levels of this place that you've seen.
                   A       B       C       D       E      F
               +-------+-------+-------+-------+-------+----------------------
         Total | 100.0 | 100.0 |   2.8 |   0.0 |   4.6 | 248.6
       Dungeon | 100.0 | 100.0 |   2.8 |   0.0 |   4.6 | 248.6
               +-------+-------+-------+-------+-------+----------------------

Table legend:
 A = Kills in this place as a percentage of kills in entire the game.
 B = Kills by you in this place as a percentage of kills by you in the entire game.
 C = Kills by friends in this place as a percentage of kills by friends in the entire game.
 D = Other kills in this place as a percentage of other kills in the entire game.
 E = Experience gained in this place as a percentage of experience gained in the entire game.
 F = Experience gained in this place divided by the number of levels of this place that you have seen.
                   A       B       C       D       E      F
               +-------+-------+-------+-------+-------+----------------------
         Total | 100.0 | 100.0 |   N/A |   N/A | 100.0 |  45.6
       Dungeon | 100.0 | 100.0 |   N/A |   N/A | 100.0 |  45.6
               +-------+-------+-------+-------+-------+----------------------

Vault maps used:
D:1:      wheals_arrival_linesprint, minmay_misc_feat_pillars,
          minmay_pentomino_w2
D:2:      chequers_temple_overflow_minitemple, nicolae_gozag_seed_capital
D:3:      first_ration, trog_butcher_becter
D:4:      kennysheep_big_flooded_room, enter_ossuary_4, uniq_robin
D:5:      grunt_ministairs_7, minmay_misc_feat_x, makhleb_altar_promises_db,
          uniq_duvessa
